 Dungeon Crawl Stone Soup version 0.31.0-11-ge490571c62 (webtiles) character file.

Game seed: 8677253375013763964

79 qw the Shooter (level 4, -2/25 HPs)
             Began as a Deep Elf Hunter on Feb 3, 2024.
             Was an Initiate of Okawaru.
             Slain by a hobgoblin (5 damage)
             ... led by Robin
             ... on level 2 of the Dungeon.
             The game lasted 00:00:04 (1340 turns).

qw the Shooter (Deep Elf Hunter)                    Turns: 1340, Time: 00:00:04

Health: -2/25      AC:  6    Str: 10    XL:     4   Next: 16%
Magic:  6/6        EV: 11    Int: 14    God:    Okawaru [......]
Gold:   345        SH:  0    Dex: 18    Spells: 3/3 levels left

rFire   . . .        c - +8 longbow (heavy)
rCold   . . .        (shield currently unavailable)
rNeg    . . .        h - +1 ring mail
rPois   .            (no helmet)
rElec   .            (no cloak)
rCorr   .            (no gloves)
SInv    .            (no boots)
Will    .....        (no amulet)
Stlth   +            (no ring)
HPRegen 0.24/turn    (no ring)
MPRegen 0.10/turn

%: no passive effects
@: no status effects
A: no striking features
a: Renounce Religion


You were on level 2 of the Dungeon.
You worshipped Okawaru.
Okawaru was noncommittal.
You visited 1 branch of the dungeon, and saw 2 of its levels.

You collected 345 gold pieces.


   Skills:
 - Level 1.5 Fighting
 + Level 7.6 Ranged Weapons
 - Level 2.4 Dodging
 - Level 1.2 Stealth


You had 3 spell levels left.
You didn't know any spells.
Your spell library was empty.

Inventory:

Hand Weapons
 c - a +8 heavy longbow (weapon)
Armour
 h - a +1 ring mail (worn)
Jewellery
 j - a +4 ring of slaying {mikee}
Scrolls
 e - a scroll of identify
 f - a scroll of vulnerability {unknown}
 g - a scroll of noise {unknown}
Potions
 a - a potion of curing {unknown}
 b - a potion of lignification {unknown}
 d - a potion of degeneration {unknown}
 i - a potion of enlightenment
 k - a potion of mutation {unknown}

Dungeon Overview and Level Annotations

Branches:
Dungeon (2/15)

Altars:
Okawaru

Annotations:
D:2 Robin


Message History

You shoot an arrow. The arrow hits the hobgoblin!!
You kill the hobgoblin!
Okawaru accepts your kill.
Robin of the Strong Arm comes into view.
They are wielding a +0 whip.
Robin throws the goblin at you! The goblin closely misses you.
Robin throws the goblin at you! The goblin hits you but does no damage.
The goblin closely misses you. The hobgoblin completely misses you.
You shoot an arrow. The arrow hits the goblin!!
You kill the goblin!
Okawaru accepts your kill.
The hobgoblin hits you but does no damage.
The goblin hits you but does no damage. Robin throws the goblin at you!
The hobgoblin hits you but does no damage.
The goblin hits you but does no damage. The goblin closely misses you.
You shoot an arrow. The arrow hits the goblin!
You kill the goblin!
Okawaru accepts your kill. Robin throws the goblin at you!
The goblin barely misses you. The hobgoblin hits you.
The goblin hits you but does no damage.
Robin roars a battlecry!
The goblins go into a battle-frenzy!
The goblin misses you. The goblin closely misses you. The hobgoblin misses you.
You shoot an arrow. The arrow completely misses the goblin.
The goblin closely misses you. The hobgoblin hits you. The goblin misses you.
The goblin closely misses you. The goblin hits you but does no damage.
The hobgoblin hits you.
You shoot an arrow. The arrow hits the goblin!!
You kill the goblin!
Okawaru accepts your kill. The goblin hits you but does no damage.
The hobgoblin hits you. The goblin hits you with a +0 dagger.
The hobgoblin hits you.
You shoot an arrow. The arrow barely misses the hobgoblin.
The goblin closely misses you.
The hobgoblin hits you but does no damage.
The goblin hits you but does no damage. The hobgoblin misses you.
You shoot an arrow.
The arrow completely misses the hobgoblin.
Robin throws the goblin at you! The goblin hits you with a +0 dagger.
The goblin barely misses you. The hobgoblin hits you.
You die...

#.# #. #|# . ####.###
#......# #......## ##
#.#.....########
#...###.#.............
...g)gggg.....########
##@##...## #.##.#.#
#......# ####.### #.#
#.# #.# ######## #.#
#......# ##.##
#.####.#


You could see Robin, a hobgoblin (strong) and 3 goblins.

Vanquished Creatures
  An adder (D:2)
  2 ribbon worms (D:2)
  A dart slug (D:2)
  4 ball pythons
  4 bats
  5 endoplasms
  2 giant cockroaches
  9 goblins
  7 hobgoblins
  8 kobolds
  3 quokkas
  2 frilled lizards
  5 rats
53 creatures vanquished.

Notes
Turn   | Place    | Note
-------+----------+-------------------------------------------
     0 | D:1      | qw the Deep Elf Hunter began the quest for the Orb.
     0 | D:1      | Reached XP level 1. HP: 12/12 MP: 3/3
     0 | D:1      | 0 ||| qw: Version: 0.3-a-157-g843a77d
     0 | D:1      | 0 ||| qw: Game counter: 3985
     0 | D:1      | 0 ||| qw: Melee chars always use a shield: true
     0 | D:1      | 0 ||| qw: God list: Okawaru
     0 | D:1      | 0 ||| qw: Allow faded altars: false
     0 | D:1      | 0 ||| qw: Do Orc after clearing Dungeon:15 true
     0 | D:1      | 0 ||| qw: Do second Lair branch before Depths: true
     0 | D:1      | 0 ||| qw: Lair rune preference: random
     0 | D:1      | 0 ||| qw: Goals: Normal
     0 | D:1      | 0 ||| PLANNING D:1-11
   103 | D:1      | Reached skill level 6 in Ranged Weapons
   103 | D:1      | Reached XP level 2. HP: 16/16 MP: 4/4
   207 | D:1      | Found a faded altar of an unknown god.
   348 | D:1      | Reached XP level 3. HP: 17/20 MP: 5/5
   587 | D:1      | 587 ||| UPGRADING to +0 ring mail.
   597 | D:1      | 597 ||| DROPPING +0 leather armour.
   598 | D:1      | 598 ||| READING scroll labelled BOFOGI BIEL.
   598 | D:1      | Identified a scroll of acquirement
   598 | D:1      | 598 ||| ACQUIRING +8 heavy longbow
   598 | D:1      | Acquired a +8 heavy longbow
   600 | D:1      | 600 ||| SWAPPING to +8 heavy longbow.
   601 | D:1      | 601 ||| DROPPING +0 shortbow.
   602 | D:1      | 602 ||| READING scroll labelled PAOTOAFEFF.
   602 | D:1      | 602 ||| ENCHANTING +0 ring mail.
   603 | D:1      | 603 ||| READING scroll labelled KAUTUNARIT.
   603 | D:1      | 603 ||| IDENTIFYING lumpy coppery potion
   604 | D:1      | 604 ||| READING scroll labelled AZUODY KIZO.
   608 | D:1      | 608 ||| READING scroll labelled HUFAXYANNE.
   609 | D:1      | 609 ||| DRINKING 2 sedimented emerald potions.
   610 | D:1      | 610 ||| DROPPING scroll of butterflies.
   611 | D:1      | 611 ||| DROPPING potion of brilliance.
   800 | D:2      | 800 ||| READING scroll of acquirement.
   800 | D:2      | 800 ||| ACQUIRING 255 gold pieces
   800 | D:2      | Acquired 255 gold pieces
   816 | D:2      | Reached skill level 7 in Ranged Weapons
   944 | D:2      | Found an iron altar of Okawaru.
   945 | D:2      | 945 ||| PLANNING OKAWARU WORSHIP
   952 | D:2      | Became a worshipper of Warmaster Okawaru
   953 | D:2      | 953 ||| PLANNING D:1-11
  1057 | D:2      | Identified the +6 dagger of Extiwev {venom, Str+2 Stlth+}
  1105 | D:2      | Reached XP level 4. HP: 25/25 MP: 6/6
  1334 | D:2      | Noticed Robin
  1340 | D:2      | HP: 3/25 [goblin/+0 dagger[Robin] (4)]
  1340 | D:2      | Slain by a hobgoblin

Levels and vault maps discovered:
D:1:      pf_arrival_petrified_forest, layout_basic,
          shapermc_ecumenical_altar_pompeii
D:2:      layout_loops_corners, basic_altar, uniq_robin

Skill      XL: |  1  2  3 |
---------------+----------+-----
Ranged Weapons | 6 7 |  7.6
Fighting       | |  1.5
Dodging        | |  2.4
Stealth        | |  1.2

Action                     |  1- 3 |  4- 6 || total
---------------------------+-------+-------++-------
   Fire: Shortbow          |    52 |       ||    52
         Longbow           |    29 |    10 ||    39
    Use: Scroll            |     6 |       ||     6
         Potion            |     1 |       ||     1
 Armour: Leather armour    |     7 |       ||     7
         Ring mail         |     7 |    21 ||    28
  Dodge: Dodged            |    10 |    14 ||    24

Table legend:
 A = Non-vault XP
 B = Vault XP
 C = Vault XP percentage of total XP
 D = Non-vault monster count
 E = Vault monster count
 F = Vault count percentage of total count
                 A         B        C        D         E       F
            +---------+---------+-------+---------+---------+-------
      Total |     102 |      11 |   9.7 |      47 |       6 |  11.3
            +---------+---------+-------+---------+---------+-------
        D:1 |      46 |       0 |   0.0 |      25 |       0 |   0.0
        D:2 |      56 |      11 |  16.4 |      22 |       6 |  21.4
            +---------+---------+-------+---------+---------+-------
